 Dungeon Crawl Stone Soup version 0.27.1-33-g824d729ab1 (webtiles) character file.

Game seed: 5756306732326751627

304 Descartes the Ducker (level 6, 0/30 HPs)
             Began as a Felid Warper on Dec 1, 2021.
             Was an Initiate of Gozag.
             Slain by a yak (15 damage)
             ... on level 3 of the Dungeon.
             The game lasted 00:13:42 (6150 turns).

Descartes the Ducker (Felid Warper)                 Turns: 6150, Time: 00:13:42

Health: 0/30       AC:  2    Str:  9    XL:     6   Next: 15%
Magic:  10/10      EV: 20    Int: 15    God:    Gozag
Gold:   117        SH:  0    Dex: 15    Spells: 4/9 levels left
                                        Lives:  0   Deaths: 1

rFire    . . .     SeeInvis +     - Unarmed
rCold    . . .     Faith    .   (shield unavailable)
rNeg     . . .     Spirit   .   (armour unavailable)
rPois    +         Reflect  .   (helmet unavailable)
rElec    .         Harm     .   (cloak unavailable)
rCorr    .         Rampage  .   (gloves unavailable)
Will     .....                  (boots unavailable)
Stlth    ++........             (no amulet)
HPRegen  0.10/turn              b - ring of flight
MPRegen  0.12/turn              g - ring of poison resistance

@: flying, studying Fighting, quick
A: very small, claws 1, fangs 3, see invisible, speed 1, shaggy fur 2, stealthy
paws, no weapons or thrown items, no armour, multi-lived
a: Renounce Religion, Potion Petition, Call Merchant, Bribe Branch


You were on level 3 of the Dungeon.
You worshipped Gozag.
Gozag was aware of your devotion.
You visited 2 branches of the dungeon, and saw 5 of its levels.

You collected 172 gold pieces.
You paid 55 gold pieces to Gozag.

Inventory:

Missiles
 d - 229 stones
Jewellery
 b - a ring of flight (left paw)
 g - a ring of poison resistance (right paw)
Scrolls
 a - a scroll of blinking
 c - 5 scrolls of identify {unknown}
 e - a scroll of fear {unknown}
 i - a scroll of amnesia {unknown}
 j - a scroll of enchant weapon {unknown}
Potions
 f - 2 potions of attraction {unknown}
 h - a potion of heal wounds {unknown}
 k - a potion of haste {unknown}
 l - a potion of magic {unknown}


   Skills:
 + Level 5.0 Fighting
 * Level 7.0 Dodging
 + Level 1.5 Stealth
 + Level 3.8 Unarmed Combat
 - Level 2.0 Spellcasting
 - Level 4.4 Translocations


You had 4 spell levels left.
You knew the following spells:

 Your Spells              Type           Power      Damage    Failure   Level
a - Blink                 Tloc           N/A        N/A       5%          2
b - Teleport Other        Tloc           14%        N/A       11%         3

Your spell library contained the following spells:

 Spells                   Type           Power      Damage    Failure   Level
 Gell's Gravitas          Tloc           7%         N/A       11%         3
 Lesser Beckoning         Tloc           7%         N/A       11%         3
 Call Canine Familiar     Summ           1%         N/A       54%         3
 Leda's Liquefaction      Hex/Erth       0%         N/A       91%         4
 Manifold Assault         Tloc           14%        N/A       71%         5
 Portal Projectile        Hex/Tloc       Unusable   N/A       N/A         3

Dungeon Overview and Level Annotations

Branches:
Dungeon (4/15)             Temple (1/1) D:4

Altars:
Ashenzari
Cheibriados
Elyvilon
Fedhas
Gozag
Hepliaklqana
Kikubaaqudgha
Makhleb
Qazlal
Ru
Sif Muna
Trog
Uskayaw
Vehumet
Wu Jian
Xom
The Shining One

Shops:
D:2 *[[*:


Innate Abilities, Weirdness & Mutations

You have sharp claws.
You have razor-sharp teeth.
You have supernaturally acute eyesight. (SInv)
You cover ground quickly. (Speed+)
You are covered in thick fur. (AC +2)
Your paws help you pounce on unaware monsters.
You are incapable of wielding weapons or throwing items.
You cannot wear armour.
You gain extra lives every three experience levels.


Message History

There is a stone staircase leading down here.
You barely miss the yak. The yak misses you.
You scratch the yak.
The yak is lightly wounded.
You closely miss the yak. Your bite misses the yak.
The yak is lightly wounded.
The yak completely misses you.
You scratch the yak.
The yak is lightly wounded.
The yak closely misses you.
You scratch the yak.
The yak is moderately wounded.
The yak misses you.
You scratch the yak but do no damage.
The yak is moderately wounded.
The yak gores you!
Ouch! That really hurt!
You are too injured to fight recklessly!
You are too injured to fight recklessly!
You are too injured to fight recklessly!
You are too injured to fight recklessly!
You are too injured to fight recklessly!
You are too injured to fight recklessly!
You are too injured to fight recklessly!
You are too injured to fight recklessly!
You are too injured to fight recklessly!
You are too injured to fight recklessly!
You are too injured to fight recklessly!
You are too injured to fight recklessly!
You are too injured to fight recklessly!
You are too injured to fight recklessly!
You are too injured to fight recklessly!
You are too injured to fight recklessly!
You are too injured to fight recklessly!
You scratch the yak. You bite the yak.
The yak is heavily wounded.
The yak gores you!
Ouch! That really hurt!
You die...
Your body crumbles into a pile of gold.

#.##.....###..##.).....
#.####........##.######
#.............##.#
######.#########.# ##
#.# #.# #. #.# #.# #.
#.# #.# #. #Y# #.# #)
#@# #.# #. #.###### #.#
#. #......# #.#####.
#.####.# #.##....
#.####.####......)
#.......†......##.
######.##########. #.#
#. #.# #.


You could see a yak.

Vanquished Creatures
  Sigmund (D:2)
  A phantom (D:2)
  An iguana (D:2)
  A hound skeleton (D:3)
  4 adders
  A shadow imp (D:3)
  3 worms (D:3)
  3 dart slugs
  3 orcs (D:3)
  2 ball pythons
  7 bats
  7 endoplasms
  4 giant cockroaches
  8 goblins
  2 hobgoblins (D:3)
  4 jackals (D:3)
  9 kobolds
  4 quokkas
  5 frilled lizards
  A quokka skeleton (D:4)
  11 rats
82 creatures vanquished.

Notes
Turn   | Place    | Note
-------+----------+-------------------------------------------
     0 | D:1      | Descartes the Felid Warper began the quest for the Orb.
     0 | D:1      | Reached XP level 1. HP: 9/9 MP: 4/4
   277 | D:1      | Reached XP level 2. HP: 9/13 MP: 6/6
   656 | D:1      | Reached skill level 4 in Dodging
  1049 | D:1      | Reached XP level 3. HP: 12/16 MP: 7/7
  1724 | D:2      | Found Naoj's General Store.
  1857 | D:2      | Found a faded altar of an unknown god.
  1991 | D:2      | Found Usaif's Armour Shop.
  2025 | D:2      | Found Buwicku's Armour Emporium.
  2056 | D:2      | Noticed Sigmund
  2070 | D:2      | Killed Sigmund
  2071 | D:2      | Reached skill level 6 in Dodging
  2071 | D:2      | Reached XP level 4. HP: 22/22 MP: 8/8
  2071 | D:2      | Reached XP level 5. HP: 25/25 MP: 9/9
  2226 | D:2      | Found Xairomot's Book Emporium.
  2249 | D:2      | Found Riguep's Assorted Antiques.
  2339 | D:1      | HP: 1/25 [poisoned by an adder]
  2340 | D:1      | Succumbed to an adder's poison
  2341 | D:1      | Reached XP level 4. HP: 0/22 MP: 8/8
  2800 | D:2      | Reached XP level 5. HP: 25/25 MP: 9/9
  2870 | D:2      | Noticed a phantom
  3808 | D:3      | Found a bloodstained altar of Trog.
  3830 | D:3      | Found a sacrificial altar of Ru.
  4035 | D:3      | Learned a level 2 spell: Blink
  4039 | D:3      | Learned a level 3 spell: Teleport Other
  5058 | D:3      | Found a shimmering blue altar of Sif Muna.
  5355 | D:2      | Killed a phantom
  5356 | D:2      | Reached skill level 5 in Fighting
  5356 | D:2      | Reached skill level 7 in Dodging
  5356 | D:2      | Reached skill level 1 in Stealth
  5356 | D:2      | Gained mutation: You are covered in thick fur. (AC +2)
                  | [Felid growth]
  5356 | D:2      | Reached XP level 6. HP: 27/30 MP: 10/10
  5822 | D:4      | Found a staircase to the Ecumenical Temple.
  5831 | Temple   | Entered the Ecumenical Temple
  5919 | Temple   | Became a worshipper of Gozag Ym Sagoz the Greedy
  5957 | D:4      | Found a radiant altar of Vehumet.
  5986 | D:4      | Noticed a yak
  5986 | D:4      | Noticed a yak
  5986 | D:4      | Noticed a yak
  5988 | D:4      | Noticed a yak
  6150 | D:3      | Slain by a yak

Illustrated notes

Levels and vault maps discovered:
D:1:      denvon_arrival_planthouse, layout_loops_corners
D:2:      layout_loops_corners, serial_shops, nicolae_shop_trees,
          nicolae_diamond_shop, nicolae_shop_crystal, shop, shop,
          dilly_ecumenical_altar_fadedgnrine, minmay_quadrilaterals,
          uniq_sigmund
D:3:      layout_loops_ring, chequers_temple_overflow_statue_of_worship,
          kennysheep_orc_sif_temple, minmay_quantized
D:4:      layout_basic, nicolae_vehumet_altar_sigil, temple_fountains,
          cheibrodos_sewer_entry_bend, uniq_pikel
Temple:   dshaligram_water_room_temple

Skill      XL: |  1  2  3  4  5 |
---------------+----------------+-----
Dodging        | 4 6 7 |  7.0
Fighting       | 4 5 |  5.0
Unarmed Combat | 3 |  3.8
Stealth        | 1 |  1.5
Spellcasting   | |  2.0
Translocations | |  4.4

Action                   |  1- 3 |  4- 6 || total
-------------------------+-------+-------++-------
Melee: Unarmed           |    97 |   245 ||   342
       Bite              |    11 |    24 ||    35
       Punch             |       |     4 ||     4
  Use: Potion            |     2 |       ||     2
 Stab: Sleeping          |     3 |       ||     3
Armor: Skin              |     6 |     6 ||    12
Dodge: Dodged            |    72 |   187 ||   259
